Map: [ESL] Data-C

Players

Astrea - Winner!

  • Race: Protoss Protoss
  • League: Grandmaster
  • Spawn Location: 3:00

NightMare

  • Race: Protoss Protoss
  • League: Master
  • Spawn Location: 9:00

Event: TSL 9

VOD

Have the link to the VOD?

Description

Time

  • Played on: July 29, 2022, 9:37 a.m.
  • Length: 17:19

All games in this series

Show
View Real Time Build Order
Export as new Build Order

Astrea Protoss - Winner!

Build Orders: Phoenix Opening, Blink Stalkers, Dark Templar Rush 

Get SALT Encoding   

  12  0:00  Probe  
  13  0:12  Probe  
  14  0:17  Pylon  
  14  0:24  Probe (Chrono Boost)  
  15  0:36  Probe (Chrono Boost)  
  15  0:38  Gateway  
  16  0:44  Probe (Chrono Boost)  
  16  0:47  Assimilator  
  17  0:51  Probe  
  17  0:55  Assimilator  
  18  1:03  Probe (Chrono Boost)  
  19  1:05  Pylon  
  20  1:12  Probe (Chrono Boost)  
  20  1:17  Probe (Chrono Boost)  
  21  1:26  Cybernetics Core  
  21  1:29  Probe  
  25  1:51  Nexus  
  22  1:54  Probe  
  23  2:02  Warp Gate  
  23  2:06  Probe  
  24  2:09  Sentry (Chrono Boost)  
  26  2:18  Probe  
  27  2:23  Pylon  
  27  2:26  Stalker (Chrono Boost)  
  29  2:30  Probe  
  29  2:41  Gateway  
  29  2:43  Probe  
  29  2:44  Phoenix  
  30  2:50  Twilight Council  
  30  2:55  Probe  
  31  3:03  Shield Battery, Probe  
  31  3:05  Stalker (Chrono Boost)  
  32  3:11  Probe  
  35  3:15  Probe  
  36  3:23  Probe  
  36  3:24  Pylon  
  37  3:29  Probe  
  37  3:30  Blink (Chrono Boost)  
  38  3:35  Probe  
  39  3:41  Probe  
  39  3:46  Dark Shrine  
  39  3:47  Probe  
  41  3:53  Probe, Assimilator  
  42  3:59  Probe (Chrono Boost)  
  42  4:00  Stalker  
  45  4:04  Stalker  
  45  4:06  Probe (Chrono Boost)  
  43  4:11  Probe (Chrono Boost)  
  45  4:18  Probe (Chrono Boost)  
  45  4:20  Probe (Chrono Boost)  
  45  4:23  Probe (Chrono Boost)  
  46  4:25  Probe  
  46  4:26  Pylon  
  47  4:33  Probe  
  47  4:37  Probe  
  48  4:39  Stalker x2  
  48  4:45  Probe  
  53  4:46  Phoenix  
  53  4:50  Probe  
  53  4:51  Robotics Facility  
  54  4:57  Probe  
  55  5:02  Probe  
  56  5:09  Probe  
  56  5:14  Gateway, Probe  
  58  5:18  Nexus  
  58  5:21  Probe  
  58  5:24  Dark Templar  
  61  5:29  Probe  
  61  5:33  Probe, Pylon  
  63  5:39  Observer (Chrono Boost)  
  63  5:41  Probe  
  65  5:45  Probe  
  66  5:52  Immortal (Chrono Boost)  
  66  5:53  Probe  
  70  5:57  Probe  
  67  6:05  Probe  
  67  6:07  Pylon  
  67  6:09  Shield Battery  
  67  6:10  Probe, Stalker x2  
  73  6:17  Probe  
  74  6:19  Gateway x2  
  74  6:22  Probe  
  74  6:24  Pylon  
  75  6:29  Probe  
  75  6:31  Immortal (Chrono Boost)  
  80  6:34  Sentry x2, Probe x2  
  86  6:41  Probe  
  86  6:44  Dark Shrine  
  86  6:46  Gateway x2  
  87  6:52  Probe x2  
  87  6:58  Stalker  
  87  6:59  Warp Prism (Chrono Boost)  
  87  7:00  Stalker  
  93  7:06  Forge  
  93  7:07  Probe  
  94  7:10  Pylon  
  94  7:12  Gateway  
  94  7:18  Stalker x2  
  94  7:20  Pylon  
  98  7:25  Observer (Chrono Boost)  
  89  7:36  Stalker x2  
  85  7:40  Immortal  
  85  7:48  Stalker x4  
  77  8:01  Stalker x2  
  77  8:05  Probe  
  78  8:08  Stalker  
  78  8:12  Zealot x3  
  82  8:14  Stalker  
  75  8:27  Zealot, Dark Templar  
  75  8:29  Probe x2  
  75  8:31  Zealot x3  
  83  8:38  Probe  
  83  8:41  Probe, Stalker  
  77  8:42  Stalker  
  77  8:43  Shield Battery, Probe  
  76  8:50  Stalker x2  
  74  9:00  Stalker  
  74  9:01  Zealot x2  
  72  9:08  Probe  
  71  9:12  Dark Templar  
  71  9:14  Zealot x2  
  77  9:19  Assimilator, Stalker  
  79  9:24  Stalker  
  79  9:25  Zealot  
  79  9:26  Zealot  
  85  9:37  Charge (Chrono Boost)  
  83  9:40  Observer  
  83  9:44  Nexus  
  83  9:53  Stalker x3  
  83  9:57  Photon Cannon  
  89  10:00  Observer  
  89  10:01  Shield Battery  
  89  10:03  Protoss Ground Weapons Level 1 (Chrono Boost)  
  89  10:08  Stalker x3  
  89  10:13  Probe x2  
  97  10:15  Assimilator  
  97  10:24  Probe  
  97  10:27  Stalker x2  
  97  10:28  Stalker  
  104  10:30  Probe  
  104  10:35  Probe  
  104  10:37  Stalker x2  
  108  10:44  Probe  
  109  10:57  Probe x3, Pylon  
  109  10:58  Probe  
  109  10:59  Pylon  
  109  11:01  Stalker x2  
  109  11:02  Stalker  
  119  11:05  Stalker  
  119  11:09  Probe  
  113  11:14  Stalker x3  
  113  11:19  Probe  
  113  11:25  Stalker x2  
  119  11:26  Stalker  
  119  11:29  Pylon  
  119  11:31  Stalker  
  122  11:38  Immortal  
  126  11:42  Zealot x2, Dark Templar  
  126  11:44  Shadow Stride (Chrono Boost)  
  132  11:48  Shield Battery  
  132  11:50  Pylon  
  132  11:53  Probe x3  
  135  12:00  Stalker x2  
  139  12:02  Protoss Ground Weapons Level 2 (Chrono Boost)  
  139  12:06  Stalker  
  140  12:09  Probe, Pylon  
  140  12:11  Pylon  
  140  12:28  Probe  
  140  12:29  Probe  
  142  12:35  Assimilator x2  
  142  12:36  Photon Cannon, Pylon  
  142  12:37  Photon Cannon  
  142  12:43  Observer (Chrono Boost)  
  143  12:48  Dark Templar x4  
  143  12:50  Zealot x3  
  157  12:57  Pylon  
  157  13:03  Probe  
  157  13:04  Gateway x2  
  158  13:06  Gateway  
  156  13:13  Pylon  
  156  13:18  Stalker x3  
  160  13:21  Stalker x4  
  168  13:32  Robotics Bay  
  168  13:33  Assimilator  
  168  13:36  Robotics Facility  
  168  13:37  Photon Cannon  
  168  13:38  Pylon  
  168  13:40  Photon Cannon  
  168  13:48  Pylon  
  161  13:56  Archon  
  155  14:11  Stalker x10  
  173  14:17  Photon Cannon x2  
  173  14:19  Disruptor (Chrono Boost)  
  173  14:20  Protoss Ground Weapons Level 3 (Chrono Boost)  
  176  14:24  Disruptor (Chrono Boost)  
  165  14:49  Stalker x10  
  181  14:55  Disruptor (Chrono Boost)  
  181  14:59  Disruptor  
  142  15:14  Dark Templar x4  
  142  15:16  Zealot x6  
  153  15:34  Disruptor  
  156  15:36  Nexus  
  156  15:39  Photon Cannon  
  156  15:40  Shield Battery  
  156  15:44  Pylon  
  147  15:58  Disruptor  
  147  16:02  Stalker x7  
  154  16:17  Disruptor  
  146  16:24  Probe  
  146  16:25  Archon  
  143  16:29  Probe  
  137  16:33  Disruptor  
  137  16:38  Stalker x5  
  137  16:39  Stalker  
  134  16:40  Probe  
  131  16:53  Probe  
  135  16:56  Probe x2  
  135  16:57  Probe  
  138  17:01  Assimilator  
Show
View Real Time Build Order
Export as new Build Order

NightMare Protoss 

Build Orders: Oracle Opening 

Get SALT Encoding   

  12  0:00  Probe  
  13  0:12  Probe  
  14  0:19  Pylon  
  14  0:24  Probe  
  15  0:37  Probe (Chrono Boost)  
  15  0:38  Gateway  
  16  0:48  Probe (Chrono Boost), Assimilator  
  17  0:52  Probe (Chrono Boost)  
  18  0:59  Assimilator  
  18  1:04  Probe (Chrono Boost)  
  19  1:07  Pylon  
  19  1:13  Probe (Chrono Boost)  
  19  1:18  Probe (Chrono Boost)  
  20  1:25  Cybernetics Core  
  21  1:30  Probe  
  24  1:32  Zealot  
  24  1:42  Probe  
  25  1:54  Probe  
  26  2:03  Adept  
  26  2:04  Stargate  
  28  2:25  Nexus  
  28  2:35  Probe, Pylon  
  28  2:38  Warp Gate  
  28  2:44  Oracle (Chrono Boost)  
  31  2:54  Probe  
  32  3:02  Stalker  
  34  3:06  Probe  
  35  3:13  Oracle (Chrono Boost)  
  35  3:18  Probe  
  39  3:27  Gateway  
  39  3:37  Twilight Council, Probe x2  
  41  3:49  Probe  
  41  3:50  Gateway  
  41  3:52  Probe  
  43  4:01  Probe  
  44  4:04  Probe  
  44  4:05  Blink (Chrono Boost)  
  45  4:13  Probe  
  45  4:16  Probe  
  47  4:17  Assimilator  
  47  4:22  Pylon  
  47  4:25  Probe  
  47  4:28  Probe, Gateway  
  46  4:37  Stalker x2  
  47  4:39  Probe  
  47  4:40  Probe  
  49  4:48  Stalker  
  49  4:51  Probe  
  49  4:52  Probe  
  53  5:01  Stalker x2  
  53  5:02  Pylon  
  53  5:04  Probe x2  
  59  5:15  Stalker  
  61  5:24  Stalker x3  
  67  5:32  Oracle, Pylon  
  67  5:34  Shield Battery  
  68  5:45  Pylon  
  68  5:48  Stalker  
  70  5:53  Nexus  
  70  6:01  Probe x2  
  68  6:06  Pylon  
  68  6:10  Stalker x3  
  74  6:14  Probe x2  
  74  6:18  Stalker  
  78  6:25  Gateway  
  78  6:28  Gateway  
  78  6:36  Gateway  
  78  6:39  Stalker  
  80  6:41  Probe x2  
  80  6:44  Stalker  
  84  6:49  Stalker  
  84  6:51  Stalker  
  88  6:58  Pylon x2  
  88  7:06  Stalker  
  88  7:07  Stalker  
  92  7:12  Probe  
  93  7:16  Stalker x2  
  86  7:33  Stalker x5  
  86  7:34  Probe x2  
  86  7:47  Stalker x2  
  86  7:48  Probe x3  
  81  7:59  Zealot x3, Stalker x2  
  89  8:06  Probe x2  
  89  8:07  Probe  
  89  8:08  Stalker x2  
  96  8:14  Stalker  
  96  8:16  Stalker  
  100  8:21  Stalker  
  100  8:23  Probe  
  100  8:24  Probe, Assimilator  
  100  8:25  Stalker  
  100  8:26  Zealot  
  100  8:30  Zealot x2  
  96  8:38  Stalker x2  
  92  8:45  Assimilator  
  92  8:46  Forge  
  86  8:53  Oracle (Chrono Boost)  
  82  8:58  Probe x2  
  85  9:07  Stalker x3  
  85  9:09  Pylon  
  85  9:10  Zealot  
  85  9:11  Zealot x2  
  85  9:12  Shield Battery  
  85  9:15  Assimilator  
  85  9:17  Protoss Ground Weapons Level 1 (Chrono Boost)  
  91  9:23  Charge (Chrono Boost)  
  91  9:24  Photon Cannon x2  
  91  9:37  Probe  
  91  9:38  Probe  
  90  9:43  Stalker x3  
  96  9:46  Stalker  
  96  9:49  Stalker  
  100  9:53  Stalker  
  100  9:56  Stalker  
  104  10:07  Nexus  
  104  10:11  Pylon  
  104  10:16  Shield Battery  
  104  10:20  Stalker x3  
  110  10:26  Stalker x2  
  114  10:30  Stalker  
  114  10:33  Stalker  
  118  10:39  Robotics Facility  
  118  10:46  Zealot x3  
  124  10:50  Pylon  
  124  10:54  Stalker x2  
  128  11:00  Stalker x2  
  130  11:17  Zealot x3  
  130  11:18  Zealot  
  132  11:20  Templar Archives, Protoss Ground Weapons Level 2 (Chrono Boost)  
  132  11:24  Zealot x3  
  134  11:33  Robotics Bay  
  134  11:35  Observer  
  131  11:45  Probe x4  
  135  11:48  Pylon  
  135  11:50  Robotics Facility  
  135  11:56  Photon Cannon  
  135  11:58  Probe x3  
  135  11:59  Probe  
  139  12:04  Photon Cannon  
  139  12:05  High Templar x2  
  139  12:06  High Templar x2  
  147  12:09  Stalker x3  
  147  12:13  Archon x2  
  147  12:14  Gateway  
  147  12:15  Probe x3  
  156  12:16  Probe  
  155  12:30  Disruptor (Chrono Boost)  
  161  12:38  Disruptor (Chrono Boost)  
  161  12:40  Probe  
  161  12:41  Probe x2  
  161  12:42  Assimilator  
  164  12:46  Assimilator  
  164  12:57  Gateway  
  164  12:59  Gateway  
  164  13:00  Gateway  
  164  13:03  Pylon x2  
  164  13:05  Pylon  
  164  13:06  Gateway  
  164  13:07  Pylon  
  164  13:14  Photon Cannon, Pylon  
  164  13:15  Shield Battery  
  164  13:16  Disruptor (Chrono Boost)  
  164  13:18  Disruptor (Chrono Boost)  
  163  13:22  Zealot  
  163  13:23  Zealot x2, Protoss Ground Weapons Level 3 (Chrono Boost)  
  172  13:38  Stalker x5  
  178  13:43  Photon Cannon  
  178  13:45  Photon Cannon  
  178  13:46  Disruptor  
  165  13:58  Stalker x4  
  172  14:07  Probe x4  
  174  14:13  Photon Cannon x2  
  174  14:18  High Templar x4  
  182  14:24  Archon x2  
  182  14:26  Zealot x4  
  163  14:38  Zealot x3  
  163  14:39  Zealot  
  171  14:48  Observer x2  
  173  14:55  Nexus  
  123  15:16  Stalker x5  
  114  15:23  High Templar x3  
  114  15:24  High Templar x3  
  117  15:32  Archon x2  
  117  15:33  Archon  
  108  15:37  Stalker  
  110  15:47  Stalker  
  110  15:48  Stalker x3  
  110  15:57  Disruptor x2 (Chrono Boost)  
  110  16:06  Stalker  
  106  16:13  Stalker  
  106  16:14  Stalker  
  88  16:27  Stalker x3  
  75  16:43  Stalker x4  
  75  16:45  Stalker  
Tags
 
Add a new tag
Caveats
  • Supply blocks, unpowered buildings, or Contaminate may cause inaccurate times.
  • Supply counts are checked every 10 seconds.